 Dungeon Crawl Stone Soup version 0.30.0-29-ga12c61a403 (webtiles) character file.

Game seed: 9336746141929974793

61369 Sabo the Severer (level 15, -10/124 HPs)
             Began as a Formicid Monk on June 24, 2023.
             Was a High Priest of Qazlal.
             Mangled by a naga warrior
             ... wielding a +2 vampiric war axe
              (14 damage)
             ... on level 1 of the Depths.
             The game lasted 01:46:53 (16975 turns).

Sabo the Severer (Formicid Monk)                   Turns: 16975, Time: 01:46:54

Health: -10/124    AC: 32    Str: 36    XL:     15   Next: 41%
Magic:  15/15      EV: 10    Int: 11    God:    Qazlal [*****.]
Gold:   624        SH:  7    Dex: 28    Spells: 14/14 levels left

rFire   . . .        r - +8 war axe (chaos)
rCold   x . .        d - orb {light}
rNeg    . . .        M - +11 plate armour "Anlasobae" {Str+6 Stlth+}
rPois   .            (helmet unavailable)
rElec   +            n - +2 cloak {Stlth+}
rCorr   .            x - +1 pair of gloves of Mesateust {Rampage rElec Slay+5 Stlth+}
SInv    +            (no boots)
Will    +....        k - amulet of regeneration
Stlth   +            o - ring "Punuarie" {rC- Str+8 Dex+6 Slay+2 SInv}
HPRegen 1.20/turn    t - +6 ring of dexterity
MPRegen 0.14/turn

%: repel missiles, rampage
@: glowing, constricted
A: permanent stasis, dig shafts and tunnels, antennae 3, four strong arms
a: Dig, Shaft Self, Renounce Religion, Upheaval, Elemental Force, Disaster Area


You were on level 1 of the Depths.
You worshipped Qazlal.
Qazlal was extremely pleased with you.
You visited 3 branches of the dungeon, and saw 17 of its levels.

You collected 923 gold pieces.
You spent 299 gold pieces at shops.

Inventory:

Hand Weapons
 b - a +2 vampiric war axe
 c - the +4 dagger "Zoywapum" {venom, Fly rN+ Dex+2}
   (You found it on level 13 of the Dungeon)

   Dex:       It affects your dexterity (+2).
   rN:        It protects you from negative energy.
   Fly:       It grants you flight.
 m - a +0 broad axe of flaming
 r - a +8 war axe of chaos (weapon)
 y - a +3 falchion
 I - a +3 war axe of flaming
 O - a +2 sling of flaming
Missiles
 p - 49 poisoned darts
 H - 3 silver javelins
 K - 18 curare-tipped darts
Armour
 d - an orb of light (worn)
 n - a +2 cloak of stealth (worn)
 x - the +1 pair of gloves of Mesateust (worn) {Rampage rElec Slay+5 Stlth+}
   (You acquired it on level 6 of the Dungeon)

   Slay:      It affects your accuracy & damage with ranged weapons and melee
   (+5).
   rElec:     It insulates you from electricity.
   Rampage:   It bestows one free step when moving towards enemies.
   Stlth:     It makes you more stealthy.
 M - the +11 plate armour "Anlasobae" (worn) {Str+6 Stlth+}
   (You found it on level 10 of the Dungeon)

   Str:       It affects your strength (+6).
   Stlth:     It makes you more stealthy.
 U - a +0 kite shield of cold resistance
Magical Staves
 N - the staff of poison "Wunix" {rPois Int+3 Dex+3}
   (You took it off a centaur warrior on level 12 of the Dungeon)

   [staff of poison]

   Base accuracy: +5 Base damage: 5 Base attack delay: 1.2 This weapon's minimum
   attack delay (0.6) is reached at skill level 12.
   Int:       It affects your intelligence (+3).
   Dex:       It affects your dexterity (+3).
   rPois:     It protects you from poison.
   It falls into the 'Staves' category.
   It is a weapon for one hand-pair.
Jewellery
 k - an amulet of regeneration (around neck)
 o - the ring "Punuarie" (left hand) {rC- Str+8 Dex+6 Slay+2 SInv}
   (You found it on level 13 of the Dungeon)

   [ring of dexterity]

   Str:       It affects your strength (+8).
   Dex:       It affects your dexterity (+6).
   Slay:      It affects your accuracy & damage with ranged weapons and melee
   (+2).
   rC:        It makes you vulnerable to cold.
   SInv:      It lets you see invisible.
 t - a +6 ring of dexterity (right hand)
 w - a ring of willpower
 z - a ring of protection from fire
 Q - a ring of protection from cold
 S - the ring "Nyiryaty" {rC+ Int+6}
   (You took it off a boggart on level 12 of the Dungeon)

   [ring of intelligence]

   Int:       It affects your intelligence (+6).
   rC:        It protects you from cold.
Wands
 a - a wand of polymorph (10)
 A - a wand of digging (3)
 F - a wand of flame (31)
 G - a wand of quicksilver (16)
 L - a wand of paralysis (15)
 V - a wand of roots (3)
Scrolls
 e - 5 scrolls of poison
 f - 3 scrolls of fog
 h - a scroll of silence
 q - 5 scrolls of magic mapping
 u - 3 scrolls of fear
 v - a scroll of summoning
 D - a scroll of enchant armour
Potions
 i - a potion of flight
 j - 11 potions of curing
 s - a potion of might {unknown}
 C - a potion of resistance {unknown}
 J - 2 potions of cancellation
 T - 2 potions of mutation
Miscellaneous
 g - a lightning rod (4/4)
 P - a phial of floods
 R - a piece from Xom's chessboard (15/15)


   Skills:
 + Level 13.4 Fighting
 + Level 17.3(17.6) Axes
 + Level 5.3(12.5) Maces & Flails
 + Level 12.5 Armour
 + Level 5.4 Dodging
 + Level 3.5 Stealth
 + Level 9.6 Shields
 + Level 0.6 Evocations


You had 14 spell levels left.
You didn't know any spells.
Your spell library contained the following spells:

 Spells                   Type           Power      Damage    Failure   Level
 Shock                    Conj/Air       0%         1d3       86%         1
 Slow                     Hex            0%         N/A       86%         1
 Cigotuvi's Dreadful Rot  Necr/Pois/Air  0%         N/A       94%         2
 Confusing Touch          Hex            0%         N/A       99%         3
 Ignite Poison            Fire/Tmut/Pois 0%         N/A       99%         3
 Vampiric Draining        Necr           0%         2d6       99%         3
 Airstrike                Air            0%         2d(0-16)  100%        4
 Anguish                  Hex/Necr       0%         N/A       100%        4
 Cause Fear               Hex            0%         N/A       100%        4
 Olgreb's Toxic Radiance  Pois           0%         N/A       100%        4
 Freezing Cloud           Conj/Ice/Air   0%         6-21      100%        5
 Enfeeble                 Hex            0%         N/A       100%        7
 Borgnjor's Revivificati  Necr           0%         N/A       100%        8
 Discord                  Hex            0%         N/A       100%        8
 Ignition                 Fire           0%         3d3       100%        8
 Necromutation            Tmut/Necr      0%         N/A       100%        8
 Death's Door             Necr           0%         N/A       100%        9
 Swiftness                Air            Unusable   N/A       N/A         3

Dungeon Overview and Level Annotations

Branches:
Dungeon (15/15)            Temple (1/1) D:6            Lair (0/5) D:10
    Orc (0/2) D:11         Vaults (0/5) D:14         Depths (1/4) D:15

Altars:
Ashenzari
Cheibriados
Dithmenos
Elyvilon
Fedhas
Gozag
Hepliaklqana
Kikubaaqudgha
Makhleb
Nemelex Xobeh
Okawaru
Qazlal
Ru
Sif Muna
Trog
Uskayaw
Vehumet
Wu Jian
Xom
Yredelemnul
Zin
The Shining One

Shops:
D:3 !   D:9 :   D:10 [   D:15 *

Portals:
Hell: Depths:1


Innate Abilities, Weirdness & Mutations

You cannot be hasted, slowed, berserked, paralysed or teleported.
You can dig through walls and to a lower floor.
You have a pair of large antennae on your head. (SInv)
Your four strong arms can wield two-handed weapons with a shield.


Message History

The naga warrior is lightly wounded.
You hit the naga mage.
The naga mage's magic leaks into the air.
You hear a roar!
The naga mage spits poison at you.
The splash of poison is repelled.
The splash of poison hits the naga warrior.
The naga warrior hits you but does no damage.
The naga warrior constricts you.
* * * LOW HITPOINT WARNING * * *
You completely miss the naga warrior.
The naga warrior is moderately wounded.
You slash the naga mage! The naga mage spits poison at you.
The splash of poison misses you.
The splash of poison hits the naga warrior.
The naga warrior closely misses you. The naga warrior constricts you.
You slash the naga warrior!
The naga warrior is heavily wounded.
You slash the naga mage! You freeze the naga mage.
You kill the naga mage!
Qazlal accepts your kill.
You slash the naga warrior!
The naga warrior resists with almost no effort.
The naga warrior is heavily wounded.
You slash the guardian serpent! You burn the guardian serpent.
You hear an angry hiss.
The guardian serpent coils itself and waves its upper body at you.
The bolt of poison hits you!!
You are poisoned.
* * * LOW HITPOINT WARNING * * *
The bolt of poison hits the naga warrior!
The naga warrior spits poison at you. The splash of poison misses you.
The splash of poison hits the guardian serpent but does no damage.
The naga warrior constricts you.
You feel better. The guardian serpent hits you!
* * * LOW HITPOINT WARNING * * *
The naga warrior hits you with a +2 vampiric war axe!
You die...

# ##.. .....
##################!.....
.....S.).)N.N..S@N#
######.############ {
{{{{{.. {{≈≈######
..≈k#{ {{ { { ''###{{{{{


N.N { { .... You could see 2 naga warriors, a guardian serpent and a naga mage
(strong).

Vanquished Creatures
  Jorgrun (D:14)
  4 liches (D:13)
  2 tengu reavers (Depths:1)
  A nagaraja (Depths:1)
  Agnes (D:14)
  An ironbound preserver (D:14)
  A stone giant (Depths:1)
  Azrael (D:14)
  A dire elephant (D:15)
  A fire dragon (D:14)
  The ghost of cdecastro the Summoner, a journeyman MfSu of Dithmenos (D:13)
  3 hydras (D:15)
  An ice dragon (Depths:1)
  Erica (D:11)
  A catoblepas (D:15)
  4 boulder beetles
  9 centaur warriors
  8 two-headed ogres
  3 naga warriors (Depths:1)
  A sea snake (Depths:1)
  The ghost of bairyn the Thaumaturge, a novice SpRe of Sif Muna (D:12)
  Pikel (D:7)
  7 ugly things
  4 deep elf pyromancers
  A mana viper (shapeshifter) (D:14)
  5 manticores
  A salamander (D:15)
  5 cyclopes
  An ice statue (D:9)
  2 naga magi (Depths:1)
  A guardian serpent (Depths:1)
  Maggie (D:9)
  3 gargoyles
  A komodo dragon (D:12)
  2 unseen horrors
  An efreet (D:15)
  4 kobold demonologists (D:12)
  6 trolls
  A tarantella (D:14)
  10 slime creatures
  A vampire (D:12)
  2 shadows (D:11)
  4 wraiths
  2 water elementals
  A fire elemental (D:14)
  3 yaks (D:9)
  A basilisk (D:13)
  A redback (D:14)
  A steam dragon (D:6)
  6 vampire mosquitoes
  2 two-headed ogre zombies (D:11)
  Menkaure (D:7)
  4 acid dragons
  3 hell hounds (D:14)
  Duvessa (D:7)
  2 orc warriors
  A hornet zombie (D:8)
  2 ice beasts
  3 black bears
  2 ogres
  3 wolves (D:10)
  A boggart (D:12)
  12 centaurs
  4 lemures (D:7)
  Blork the orc (D:5)
  2 phantoms
  12 kobold brigands
  3 bullfrogs
  2 wyvern zombies (D:8)
  4 scorpions
  4 necrophages (D:8)
  A gnoll sergeant (D:10)
  7 wights
  Dowan (D:7)
  5 killer bees
  A troll zombie (D:11)
  A howler monkey (D:4)
  3 electric eels (D:10)
  2 centaur zombies (D:8)
  A human zombie (D:8)
  8 hounds
  3 orc priests
  A sleepcap (D:6)
  3 iguanas
  9 orc wizards
  5 ogre zombies (D:11)
  2 mummies (D:8)
  9 gnolls
  12 adders
  A white imp (D:5)
  An ufetubus (D:4)
  2 worms
  3 dart slugs
  16 orcs
  5 bats
  7 endoplasms
  6 giant cockroaches
  5 goblins
  12 hobgoblins
  3 jackals (D:1)
  16 kobolds
  5 quokkas
  5 ball pythons
  A frilled lizard (D:3)
  A goblin skeleton (D:11)
  4 goblin zombies (D:11)
  4 hobgoblin skeletons (D:11)
  A hobgoblin zombie (D:11)
  An orc skeleton (D:11)
  14 orc zombies (D:11)
  3 rats (D:2)
385 creatures vanquished.

Vanquished Creatures (collateral kills)
  2 orc wizards (D:4)
2 creatures vanquished.

Vanquished Creatures (others)
  A fire dragon (D:14)
  An ugly thing (D:14)
  A naga mage (Depths:1)
  An adder (D:6)
4 creatures vanquished.

Grand Total: 391 creatures vanquished

Notes
Turn   | Place    | Note
-------+----------+-------------------------------------------
     0 | D:1      | Sabo the Formicid Monk began the quest for the Orb.
     0 | D:1      | Reached XP level 1. HP: 18/18 MP: 1/1
   163 | D:1      | Reached XP level 2. HP: 15/24 MP: 2/2
   463 | D:1      | Reached XP level 3. HP: 28/29 MP: 3/3
  1183 | D:2      | Reached XP level 4. HP: 21/37 MP: 4/4
  2529 | D:3      | Reached skill level 4 in Axes
  3081 | D:3      | Found an opulent altar of Gozag.
  3572 | D:3      | Found Siejiqos's Distillery.
  3579 | D:3      | Reached XP level 5. HP: 41/42 MP: 3/5
  3921 | D:4      | Reached skill level 1 in Armour
  3924 | D:4      | HP: 1/42 [orc wizard/+0 dagger (4)]
  3925 | D:4      | Reached skill level 1 in Stealth
  3930 | D:4      | Reached XP level 6. HP: 15/49 MP: 6/6
  4113 | D:4      | Reached skill level 5 in Axes
  4254 | D:4      | Reached XP level 7. HP: 55/55 MP: 7/7
  4717 | D:5      | Entered Level 5 of the Dungeon
  4801 | D:5      | Reached skill level 1 in Maces & Flails
  5104 | D:5      | Reached skill level 5 in Fighting
  5104 | D:5      | Reached XP level 8. HP: 57/62 MP: 8/8
  5223 | D:5      | Noticed Blork the orc
  5239 | D:5      | Killed Blork the orc
  5512 | D:6      | Found a staircase to the Ecumenical Temple.
  5518 | Temple   | Entered the Ecumenical Temple
  5654 | Temple   | Became a worshipper of Qazlal Stormbringer
  5654 | Temple   | Reached * piety under Qazlal
  5654 | Temple   | Reached ** piety under Qazlal
  5846 | D:6      | Reached skill level 5 in Maces & Flails
  6073 | D:6      | Identified a scroll of acquirement
  6074 | D:6      | Acquired the +1 pair of gloves of Mesateust {Rampage rElec
                  | Slay+5 Stlth+}
  6113 | D:6      | Reached skill level 6 in Axes
  6113 | D:6      | Reached XP level 9. HP: 53/68 MP: 9/9
  6269 | D:6      | Reached skill level 1 in Shields
  6677 | D:7      | Reached skill level 7 in Axes
  6815 | D:7      | Reached skill level 5 in Armour
  7082 | D:7      | Noticed Duvessa
  7083 | D:7      | Noticed Dowan
  7090 | D:7      | Killed Duvessa
  7095 | D:7      | Killed Dowan
  7271 | D:7      | Noticed Menkaure
  7276 | D:7      | Killed Menkaure
  7552 | D:7      | Noticed Pikel
  7561 | D:7      | Killed Pikel
  7562 | D:7      | Reached skill level 8 in Axes
  7562 | D:7      | Reached XP level 10. HP: 76/77 MP: 10/10
  7965 | D:8      | Reached skill level 9 in Axes
  8175 | D:8      | Reached *** piety under Qazlal
  8417 | D:8      | Found a basalt altar of Yredelemnul.
  8748 | D:9      | Noticed a two-headed ogre
  8754 | D:9      | Killed a two-headed ogre
  8755 | D:9      | Reached skill level 10 in Axes
  8989 | D:9      | Noticed a two-headed ogre
  8998 | D:9      | Killed a two-headed ogre
  8999 | D:9      | Reached XP level 11. HP: 63/85 MP: 11/11
  9076 | D:9      | Found a hide-covered altar of Uskayaw.
  9235 | D:9      | Noticed Maggie
  9243 | D:9      | Killed Maggie
  9296 | D:9      | Found Enecupn's Tremendous Tomes.
  9371 | D:9      | Reached skill level 5 in Dodging
  9527 | D:9      | Reached skill level 11 in Axes
  9748 | D:10     | Entered Level 10 of the Dungeon
  9754 | D:10     | Identified the +11 plate armour "Anlasobae" {Str+6 Stlth+}
  9952 | D:10     | Noticed a two-headed ogre
  9957 | D:10     | Killed a two-headed ogre
 10034 | D:10     | Found a staircase to the Lair.
 10234 | D:10     | Found Arogh's Antique Armour Emporium.
 10465 | D:11     | Reached **** piety under Qazlal
 10476 | D:11     | Reached skill level 5 in Shields
 10541 | D:11     | Noticed a manticore
 10551 | D:11     | Killed a manticore
 10594 | D:11     | Reached skill level 12 in Axes
 10613 | D:11     | Noticed a two-headed ogre
 10617 | D:11     | Killed a two-headed ogre
 10618 | D:11     | Reached XP level 12. HP: 83/94 MP: 12/12
 10720 | D:11     | Found a staircase to the Orcish Mines.
 10938 | D:11     | Noticed Erica
 10942 | D:11     | Noticed a two-headed ogre
 10948 | D:11     | Killed Erica
 10949 | D:11     | Killed a two-headed ogre
 11149 | D:11     | You fall into a shaft and drop 2 floors!
 11181 | D:13     | Noticed a centaur warrior
 11191 | D:13     | Reached skill level 13 in Axes
 11192 | D:13     | Killed a centaur warrior
 11220 | D:13     | Noticed a centaur warrior
 11232 | D:13     | Killed a centaur warrior
 11406 | D:13     | Noticed a centaur warrior
 11416 | D:13     | Killed a centaur warrior
 11416 | D:13     | Reached ***** piety under Qazlal
 11552 | D:13     | Noticed a two-headed ogre
 11557 | D:13     | Killed a two-headed ogre
 11563 | D:13     | Identified the +4 dagger "Zoywapum" {venom, Fly rN+ Dex+2}
 11584 | D:12     | Noticed a two-headed ogre
 11593 | D:12     | Killed a two-headed ogre
 11594 | D:12     | Reached skill level 10 in Fighting
 11594 | D:12     | Reached XP level 13. HP: 97/103 MP: 13/13
 12107 | D:10     | Bought an embroidered cloak for 217 gold pieces
 12200 | D:12     | Reached skill level 14 in Axes
 12202 | D:12     | Reached skill level 10 in Armour
 12333 | D:12     | Identified the staff of poison "Wunix" {rPois Int+3 Dex+3}
 12333 | D:12     | Noticed a centaur warrior
 12335 | D:12     | Identified the ring "Nyiryaty" {rC+ Int+6}
 12344 | D:12     | Killed a centaur warrior
 12583 | D:12     | Identified the +1 scale mail of the Nine Beggars {rC+ MP-9
                  | Int+2}
 12658 | D:12     | Found a runed translucent gate.
 12666 | D:12     | Found a runed translucent gate.
 12666 | D:12     | Found a runed translucent gate.
 12667 | D:12     | Noticed bairyn's ghost (novice SpRe)
 12684 | D:12     | Killed bairyn's ghost
 13474 | D:13     | Found a runed translucent gate.
 13474 | D:13     | Found a runed translucent gate.
 13474 | D:13     | Found a runed translucent gate.
 13479 | D:13     | Found an ancient bone altar of Kikubaaqudgha.
 13479 | D:13     | Noticed a lich
 13479 | D:13     | Noticed a lich
 13479 | D:13     | Noticed a lich
 13479 | D:13     | Noticed cdecastro's ghost (journeyman MfSu)
 13479 | D:13     | Noticed a lich
 13499 | D:13     | Killed a lich
 13500 | D:13     | Reached skill level 15 in Axes
 13501 | D:13     | Killed a lich
 13516 | D:13     | Killed a lich
 13516 | D:13     | Killed a lich
 13529 | D:13     | Killed cdecastro's ghost
 13574 | D:13     | Identified the +0 pair of gloves of the Mantidfly {Harm}
 13578 | D:13     | Identified the ring "Punuarie" {rC- Str+8 Dex+6 Slay+2
                  | SInv}
 13768 | D:14     | Noticed a centaur warrior
 13776 | D:14     | Killed a centaur warrior
 13778 | D:14     | Noticed Azrael
 13781 | D:14     | Reached XP level 14. HP: 99/113 MP: 14/14
 13808 | D:14     | Killed Azrael
 14180 | D:14     | Noticed an ironbound preserver
 14194 | D:14     | Reached skill level 16 in Axes
 14196 | D:14     | Killed an ironbound preserver
 14241 | D:14     | Noticed Jorgrun
 14257 | D:14     | Killed Jorgrun
 14334 | D:14     | Found a gate to the Vaults.
 14468 | D:14     | Noticed Agnes
 14472 | D:14     | Killed Agnes
 14933 | D:14     | Found a white marble altar of Elyvilon.
 15455 | D:15     | Entered Level 15 of the Dungeon
 15526 | D:15     | Found a sacrificial altar of Ru.
 15549 | D:15     | Found Dotimp's Assorted Antiques.
 15566 | D:15     | Bought a scroll of identify for 82 gold pieces
 15902 | D:15     | Reached XP level 15. HP: 119/122 MP: 15/15
 16264 | D:15     | Reached skill level 17 in Axes
 16326 | D:15     | Found a staircase to the Depths.
 16351 | Depths:1 | Entered Level 1 of the Depths
 16376 | Depths:1 | Noticed a tengu reaver
 16381 | Depths:1 | Found a gateway to Hell.
 16393 | Depths:1 | Killed a tengu reaver
 16671 | Depths:1 | Noticed a tengu reaver
 16690 | Depths:1 | Killed a tengu reaver
 16769 | Depths:1 | Noticed a stone giant
 16783 | Depths:1 | Killed a stone giant
 16912 | Depths:1 | Noticed a nagaraja
 16943 | Depths:1 | Killed a nagaraja
 16945 | Depths:1 | HP: 4/124 [guardian serpent/bolt of poison (17)]
 16969 | Depths:1 | HP: 6/124 [naga warrior/+2 vampiric war axe (26)]
 16974 | Depths:1 | HP: 5/124 [guardian serpent/bolt of poison (28)]
 16975 | Depths:1 | Mangled by a naga warrior

Illustrated notes

Levels and vault maps discovered:
D:1:      nzn_arrival_depleted_hourglass, layout_loops_ring, wad_floor_pattern_2
D:2:      layout_basic
D:3:      layout_basic, grunt_gozag_statues, serial_shops, shop,
          minmay_pentangle
D:4:      layout_basic, minmay_starry_boxes
D:5:      layout_basic, nicolae_half_adder, uniq_blork_the_orc
D:6:      nicolae_cairo_tiling, layout_rooms, minmay_temple_entry_hall,
          grunt_decor_clamped
D:7:      layout_gridville, minmay_misc_feat_square, uniq_duvessa,
          uniq_menkaure, uniq_pikel
D:8:      layout_gridville, lemuel_mausoleum_altar_yredelemnul,
          nicolae_fountain_basement
D:9:      layout_gridville, mainiacjoe_overflow_alcove_4, minivault_16,
          nicolae_shop_i_like_big_books, patterned_corridor, uniq_maggie
D:10:     layout_roguey, erik_lair_island, nicolae_take_the_stairs
D:11:     layout_rooms, zombieorc2_lemuel, kennysheep_generic_room_9, uniq_erica
D:12:     minmay_blocky_corners, layout_cave_pools,
          gammafunk_ghost_nasty_kobolds
D:13:     layout_basic, gammafunk_ghost_crypt
D:14:     layout_loops_corners, skrybe_vaults_entry_preservation,
          nicolae_elyvilon_temple_path, uniq_azrael, uniq_jorgrun, uniq_agnes
D:15:     hangedman_depths_entry_try_elsewhere_first, layout_loops_ring,
          nicolae_ru_awakened_eye, serial_shops, shop, grunt_ministairs_8,
          minmay_misc_feat_alley, reono_crystal_passage
Temple:   nicolae_temple_bog_church
Depths:1: layout_cave_shapes, hangedman_abyss_or_decor_slice, hell_entry,
          minmay_serpent_palace, grunt_megastairs_2

Skill      XL: |  1  2  3  4  5  6  7  8  9 10 11 12 13 14 15 |
---------------+----------------------------------------------+-----
Dodging        | 3 4 5 |  5.4
Fighting       | 4 5 6 7 8 10 11 12 13 | 13.4
Axes           | 4 5 6 8 10 12 13 15 16 17 | 17.3
Armour         | 1 2 3 4 5 7 8 9 10 12 | 12.5
Stealth        | 1 2 3 |  3.5
Maces & Flails | 3 5 |  5.3
Shields        | 1 3 5 6 7 9 |  9.6
Evocations     | |  0.6

Action                     |  1- 3 |  4- 6 |  7- 9 | 10-12 | 13-15 || total
---------------------------+-------+-------+-------+-------+-------++-------
  Melee: Hand axe          |    76 |   110 |       |       |       ||   186
         Mace              |       |    20 |   113 |       |       ||   133
         War axe           |       |       |   114 |   299 |   379 ||   792
  Evoke: Wand              |       |       |       |     7 |       ||     7
    Use: Scroll            |     4 |     7 |     6 |     7 |    13 ||    37
         Potion            |       |     3 |       |       |    10 ||    13
   Stab: Sleeping          |       |     1 |       |       |       ||     1
         Distracted        |       |     3 |       |       |     1 ||     4
 Armour: Robe              |     2 |       |       |       |       ||     2
         Leather armour    |    20 |    14 |       |       |       ||    34
         Ring mail         |       |    33 |       |       |       ||    33
         Scale mail        |       |    13 |    31 |       |       ||    44
         Chain mail        |       |       |    96 |    42 |       ||   138
         Plate armour      |       |       |       |   158 |   222 ||   380
  Dodge: Dodged            |    66 |   102 |   131 |   175 |   165 ||   639
         Repelled          |       |       |     2 |    11 |    11 ||    24
  Block: Orb               |       |       |    17 |    66 |    94 ||   177
